PAAA
TORTOLITA DRUMMERS @ CALGARY LYNX
09/05/2031
 
TOP OF THE 1ST
Tortolita Drummers batting - Pitching for Calgary Lynx : RHP Harold Elkins
Pitching: RHP Harold Elkins
Batting: RHB Lu-fang Koo 0-0: Called Strike
0-1: Called Strike
0-2: Ball
1-2: Ball
2-2: Foul Ball, location: 2F
2-2: Ground out 1-3 (Groundball, P)
Batting: LHB Steve Costillo 0-0: Ball
1-0: Ball
2-0: Ball
3-0: Base on Balls
Batting: RHB Alan Elder 0-0: Ball
1-0: Ball
2-0: Ball
3-0: Base on Balls
Steve Costillo to second
Batting: LHB Glen Allen Mixon 0-0: Ball
1-0: Reached on error, E4 (Groundball, 34)
Steve Costillo to third
Alan Elder to second
Batting: RHB Dave Sienna 0-0: Swinging Strike
0-1: Ground out 4-3 (Groundball, 4S)
Steve Costillo scores
Alan Elder to third
Glen Allen Mixon to second
Batting: RHB Rich Flannery 0-0: Ball
1-0: Swinging Strike
1-1: Ball
2-1: Called Strike
2-2: SINGLE (Line Drive, 7S)
Alan Elder scores
Glen Allen Mixon to third
Runner from 3rd tries for Home, SAFE, no throw
Batting: RHB Orlando Montoya 0-0: Ball
1-0: Called Strike
1-1: Foul Ball, location: 2F
1-2: Ball
2-2: Ball
3-2: Strikes out swinging
Top of the 1st over - 3 runs, 1 hit, 1 error, 1 left on base; Tortolita 3 - Calgary 0
BOTTOM OF THE 1ST
Calgary Lynx batting - Pitching for Tortolita Drummers : LHP Steve Seabolt
Pitching: LHP Steve Seabolt
Batting: LHB Johan Kroening 0-0: Ground out 4-3 (Groundball, 4)
Batting: RHB Miguel Rosales 0-0: Called Strike
0-1: Ball
1-1: Ball
2-1: Ground out 4-3 (Groundball, 34D)
Batting: RHB Taylor Landis 0-0: Ground out 4-3 (Groundball, 4D)
Bottom of the 1st over - 0 runs, 0 hits, 0 errors, 0 left on base; Tortolita 3 - Calgary 0
TOP OF THE 2ND
Tortolita Drummers batting - Pitching for Calgary Lynx : RHP Harold Elkins
Batting: RHB Vincent Klein 0-0: Foul Ball, location: 2F
0-1: Called Strike
0-2: Ground out 3-1 (Groundball, 34S)
Batting: RHB Iván Chacón 0-0: Ball
1-0: Fly out, F6 (Line Drive, 6)
Batting: RHB Lu-fang Koo 0-0: Reached on error, E5 (Groundball, 56)
Batting: LHB Steve Costillo 0-0: Ground out 4-3 (Groundball, 4)
Top of the 2nd over - 0 runs, 0 hits, 1 error, 1 left on base; Tortolita 3 - Calgary 0
BOTTOM OF THE 2ND
Calgary Lynx batting - Pitching for Tortolita Drummers : LHP Steve Seabolt
Batting: RHB Gilberto Rodríguez 0-0: Foul Ball, location: 2F
0-1: Ground out 5-3 (Groundball, 56)
Batting: LHB Daniel García 0-0: Swinging Strike
0-1: Ball
1-1: Called Strike
1-2: Ball
2-2: Strikes out looking
Batting: RHB Yifu Chen 0-0: Ball
1-0: Swinging Strike
1-1: Ball
2-1: Foul Ball, location: 2F
2-2: Ball
3-2: Fly out, F9 (Flyball, 9LM)
Bottom of the 2nd over - 0 runs, 0 hits, 0 errors, 0 left on base; Tortolita 3 - Calgary 0
TOP OF THE 3RD
Tortolita Drummers batting - Pitching for Calgary Lynx : RHP Harold Elkins
Batting: RHB Alan Elder 0-0: Ball
1-0: DOUBLE (Line Drive, 7D)
Batting: LHB Glen Allen Mixon 0-0: Foul Ball, location: 2F
0-1: SINGLE (Groundball, 4D)
Alan Elder to third
Batting: RHB Dave Sienna 0-0: Ball
1-0: Fly out, F8 (Flyball, 8RD)
Runner from 3rd tags up, SCORES, throw made
Batting: RHB Rich Flannery 0-0: Called Strike
0-1: Ball
1-1: Ball
2-1: Called Strike
2-2: Fly out, F6 (Popup, 6D)
Batting: RHB Orlando Montoya 0-0: Foul Ball, location: 2F
0-1: Ball
1-1: Called Strike
1-2: Foul Ball, location: 2F
1-2: Ball
2-2: Foul Ball, location: 2F
2-2: Foul Ball, location: 2F
2-2: Fly out, F9 (Flyball, 89M)
Top of the 3rd over - 1 run, 2 hits, 0 errors, 1 left on base; Tortolita 4 - Calgary 0
BOTTOM OF THE 3RD
Calgary Lynx batting - Pitching for Tortolita Drummers : LHP Steve Seabolt
Batting: RHB Juan Martínez 0-0: Swinging Strike
0-1: Ball
1-1: Ball
2-1: Foul Ball, location: 2F
2-2: Ball
3-2: Ground out 6-3 (Groundball, 6)
Batting: SHB Ted Striker 0-0: Ball
1-0: Foul Ball, location: 2F
1-1: DOUBLE (Flyball, 89D)
Batting: RHB Michael Garrett 0-0: Called Strike
0-1: Ball
1-1: Fly out, F8 (Flyball, 8LM)
Batting: LHB Johan Kroening 0-0: SINGLE (Groundball, 34) (infield hit)
Ted Striker to third
Batting: RHB Miguel Rosales 0-0: Ball
1-0: Ball
2-0: SINGLE (Groundball, 4M) (infield hit)
Ted Striker scores
Johan Kroening to second
Batting: RHB Taylor Landis 0-0: Ball
1-0: Ball
2-0: Called Strike
2-1: Ball
3-1: DOUBLE (Line Drive, 9LS)
Johan Kroening scores
Miguel Rosales to third
Runner from 3rd tries for Home, SAFE, no throw
Batting: RHB Gilberto Rodríguez 0-0: Ball
1-0: Ground out 1-3 (Groundball, 15S)
Bottom of the 3rd over - 3 runs, 4 hits, 0 errors, 1 left on base; Tortolita 4 - Calgary 3
TOP OF THE 4TH
Tortolita Drummers batting - Pitching for Calgary Lynx : RHP Harold Elkins
Batting: RHB Vincent Klein 0-0: Fly out, F8 (Flyball, 8RM)
Batting: RHB Iván Chacón 0-0: Called Strike
0-1: Called Strike
0-2: Ball
1-2: SINGLE (Line Drive, 7S)
Batting: RHB Lu-fang Koo 0-0: Ball
1-0: Ball
2-0: Fielders Choice at 2nd, 5-4 (Groundball, 56)
Batting: LHB Steve Costillo 0-0: Ball
1-0: Called Strike
1-1: Fly out, F8 (Flyball, 8RD)
Top of the 4th over - 0 runs, 1 hit, 0 errors, 1 left on base; Tortolita 4 - Calgary 3
BOTTOM OF THE 4TH
Calgary Lynx batting - Pitching for Tortolita Drummers : LHP Steve Seabolt
Batting: LHB Daniel García 0-0: Called Strike
0-1: Ball
1-1: Ball
2-1: Ball
3-1: Called Strike
3-2: SINGLE (Line Drive, 56D)
Batting: RHB Yifu Chen 0-0: Foul Ball, location: 2F
0-1: Foul Ball, location: 2F
0-2: SINGLE (Groundball, 6MD)
Daniel García to second
Batting: RHB Juan Martínez 0-0: Called Strike
0-1: Ball
1-1: Swinging Strike
1-2: Ball
2-2: Foul Ball, location: 2F
2-2: Strikes out swinging
Pitching: LHP Paul Díaz
Batting: SHB Ted Striker 0-0: Fly out, F8 (Flyball, 8RM)
Batting: RHB Michael Garrett 0-0: Called Strike
0-1: Ball
1-1: Ball
2-1: Fly out, F7 (Flyball, 78S)
Bottom of the 4th over - 0 runs, 2 hits, 0 errors, 2 left on base; Tortolita 4 - Calgary 3
TOP OF THE 5TH
Tortolita Drummers batting - Pitching for Calgary Lynx : RHP Harold Elkins
Batting: RHB Alan Elder 0-0: Ball
1-0: Called Strike
1-1: Fly out, F9 (Flyball, 89D)
Batting: LHB Glen Allen Mixon 0-0: Called Strike
0-1: Fly out, F9 (Flyball, 89M)
Batting: RHB Dave Sienna 0-0: Ball
1-0: Swinging Strike
1-1: Called Strike
1-2: SINGLE (Flyball, 78S)
Batting: RHB Rich Flannery 0-0: Called Strike
0-1: Ball
1-1: Ball
2-1: Fly out, F7 (Flyball, 78D)
Top of the 5th over - 0 runs, 1 hit, 0 errors, 1 left on base; Tortolita 4 - Calgary 3
BOTTOM OF THE 5TH
Calgary Lynx batting - Pitching for Tortolita Drummers : LHP Paul Díaz
Batting: LHB Johan Kroening 0-0: Called Strike
0-1: Ground out 4-3 (Groundball, 34D)
Batting: RHB Miguel Rosales 0-0: Ball
1-0: Called Strike
1-1: Called Strike
1-2: Ball
2-2: Ball
3-2: Base on Balls
Batting: RHB Taylor Landis 0-0: Called Strike
0-1: Foul Ball, location: 2F
0-2: Foul Ball, location: 2F
0-2: Fly out, F7 (Line Drive, 78D)
Batting: RHB Gilberto Rodríguez 0-0: Ball
1-0: 2-RUN HOME RUN (Flyball, 7LD), Distance : 359 ft
Batting: LHB Daniel García 0-0: Foul Ball, location: 2F
0-1: Ball
1-1: Swinging Strike
1-2: SINGLE (Groundball, 34D)
Batting: RHB Yifu Chen 0-0: Ball
1-0: Foul Ball, location: 2F
1-1: Ball
2-1: SINGLE (Flyball, 8RS)
Daniel García to second
Runner from 2nd tries for 3rd, SAFE, no throw
Batting: RHB Juan Martínez 0-0: Called Strike
0-1: Fielders Choice at 2nd, 6-4 (Groundball, 6)
Bottom of the 5th over - 2 runs, 3 hits, 0 errors, 2 left on base; Tortolita 4 - Calgary 5
TOP OF THE 6TH
Tortolita Drummers batting - Pitching for Calgary Lynx : RHP Harold Elkins
Batting: RHB Orlando Montoya 0-0: SINGLE (Groundball, 6MD)
Batting: RHB Vincent Klein 0-0: Ball
1-0: Ball
2-0: Ball
3-0: Called Strike
3-1: Swinging Strike
3-2: Grounds into double play, 5-4-3 (Groundball, 5)
Batting: RHB Iván Chacón 0-0: Swinging Strike
0-1: Ball
1-1: Ball
2-1: Ball
3-1: Foul Ball, location: 2F
3-2: Fly out, F9 (Flyball, 9)
Top of the 6th over - 0 runs, 1 hit, 0 errors, 0 left on base; Tortolita 4 - Calgary 5
BOTTOM OF THE 6TH
Calgary Lynx batting - Pitching for Tortolita Drummers : LHP Paul Díaz
Batting: SHB Ted Striker 0-0: Called Strike
0-1: Swinging Strike
0-2: Ball
1-2: Foul Ball, location: 2F
1-2: Foul Ball, location: 2F
1-2: Strikes out swinging
Batting: RHB Michael Garrett 0-0: Ball
1-0: SINGLE (Flyball, 89S)
Batting: LHB Johan Kroening 0-0: Foul Ball, location: 2F
0-1: Ball
1-1: Ball
2-1: Foul Ball, location: 2F
2-2: Foul Ball, location: 2F
2-2: Fly out, F9 (Flyball, 9)
Batting: RHB Miguel Rosales 0-0: Ball
Passed Ball!
Michael Garrett to second
1-0: Ball
2-0: Called Strike
2-1: Ball
3-1: Base on Balls
Batting: RHB Taylor Landis 0-0: Ball
1-0: Ball
2-0: Called Strike
2-1: Called Strike
2-2: Ball
3-2: Base on Balls
Michael Garrett to third
Miguel Rosales to second
Pitching: RHP Dave Seals
Batting: RHB Gilberto Rodríguez 0-0: Called Strike
0-1: Ball
1-1: Called Strike
1-2: Ball
2-2: Strikes out swinging
Bottom of the 6th over - 0 runs, 1 hit, 0 errors, 3 left on base; Tortolita 4 - Calgary 5
TOP OF THE 7TH
Tortolita Drummers batting - Pitching for Calgary Lynx : RHP Harold Elkins
Batting: RHB Lu-fang Koo 0-0: Swinging Strike
0-1: Called Strike
0-2: Ball
1-2: Strikes out looking
Batting: LHB Steve Costillo 0-0: SINGLE (Line Drive, 34D)
Pitching: RHP Gustavo López
Batting: RHB Alan Elder 0-0: Ball
1-0: Swinging Strike
1-1: Swinging Strike
1-2: Strikes out swinging
Batting: LHB Glen Allen Mixon 0-0: Called Strike
0-1: Ball
1-1: Called Strike
1-2: Strikes out swinging
Top of the 7th over - 0 runs, 1 hit, 0 errors, 1 left on base; Tortolita 4 - Calgary 5
BOTTOM OF THE 7TH
Calgary Lynx batting - Pitching for Tortolita Drummers : RHP Dave Seals
Batting: LHB Daniel García 0-0: Called Strike
0-1: Fly out, F3 (Line Drive, 34S)
Batting: RHB Yifu Chen 0-0: Foul Ball, location: 2F
0-1: Called Strike
0-2: Fly out, F7 (Flyball, 7)
Batting: RHB Juan Martínez 0-0: Swinging Strike
0-1: Fly out, F9 (Line Drive, 9)
Bottom of the 7th over - 0 runs, 0 hits, 0 errors, 0 left on base; Tortolita 4 - Calgary 5
TOP OF THE 8TH
Tortolita Drummers batting - Pitching for Calgary Lynx : RHP Gustavo López
Batting: RHB Dave Sienna 0-0: Ball
1-0: Ball
2-0: Foul Ball, location: 2F
2-1: Ground out 6-3 (Groundball, 6)
Batting: RHB Rich Flannery 0-0: Ball
1-0: Ball
2-0: Foul Ball, location: 2F
2-1: Swinging Strike
2-2: Strikes out swinging
Batting: RHB Orlando Montoya 0-0: Called Strike
0-1: Ball
1-1: Ball
2-1: Ball
3-1: Called Strike
3-2: SINGLE (Line Drive, 7LM)
Batting: RHB Vincent Klein 0-0: Ball
1-0: Ball
2-0: Reached on error, E4 (Groundball, 4M)
Orlando Montoya to second
Batting: RHB Iván Chacón 0-0: Ball
1-0: Foul Ball, location: 2F
1-1: Foul Ball, location: 2F
1-2: Ball
2-2: Ball
3-2: Fly out, F8 (Flyball, 89M)
Top of the 8th over - 0 runs, 1 hit, 1 error, 2 left on base; Tortolita 4 - Calgary 5
BOTTOM OF THE 8TH
Calgary Lynx batting - Pitching for Tortolita Drummers : RHP Dave Seals
Batting: SHB Ted Striker 0-0: Ball
1-0: Ball
2-0: Foul Ball, location: 2F
2-1: SINGLE (Flyball, 9LS)
Batting: RHB Michael Garrett 0-0: Ball
1-0: Bunted foul
1-1: Sac Bunt - play at first, batter OUT! 3-4
Ted Striker to second
Batting: LHB Johan Kroening 0-0: Ball
1-0: Foul Ball, location: 2F
1-1: Swinging Strike
1-2: Ball
2-2: Strikes out swinging
Batting: RHB Miguel Rosales 0-0: Ball
1-0: Ball
2-0: Ground out 5-3 (Groundball, 56)
Bottom of the 8th over - 0 runs, 1 hit, 0 errors, 1 left on base; Tortolita 4 - Calgary 5
TOP OF THE 9TH
Tortolita Drummers batting - Pitching for Calgary Lynx : RHP Gustavo López
Batting: RHB Lu-fang Koo 0-0: Foul Ball, location: 2F
0-1: Called Strike
0-2: Ball
1-2: Foul Ball, location: 2F
1-2: Ball
2-2: Strikes out looking
Batting: LHB Steve Costillo 0-0: Swinging Strike
0-1: Foul Ball, location: 2F
0-2: Ball
1-2: Foul Ball, location: 2F
1-2: Foul Ball, location: 2F
1-2: Strikes out swinging
Batting: RHB Alan Elder 0-0: Swinging Strike
0-1: Ball
1-1: Ball
2-1: Fly out, F7 (Flyball, 78M)
Top of the 9th over - 0 runs, 0 hits, 0 errors, 0 left on base; Tortolita 4 - Calgary 5
Tuesday, June 12th, 2018 - OOTP Baseball 18.8 Build 76